 Dungeon Crawl Stone Soup version 0.31-a0-174-g85c54bcb58 (webtiles) character file.

Game seed: 15449301681242694505

83 qw the Shooter (level 4, -4/40 HPs)
             Began as a Naga Hunter on June 15, 2023.
             Slain by a black bear (9 damage)
             ... on level 3 of the Dungeon.
             The game lasted 00:00:38 (1971 turns).

qw the Shooter (Naga Hunter)                        Turns: 1971, Time: 00:00:38

Health: -4/40      AC:  5    Str: 14    XL:     4   Next: 44%
Magic:  4/4        EV:  9    Int:  9    God:
Gold:   112        SH:  0    Dex: 16    Spells: 3/3 levels left

rFire   . . .        Y - +1 shortbow
rCold   . . .        (shield currently unavailable)
rNeg    . . .        c - +0 leather armour
rPois   +            (no helmet)
rElec   .            b - +2 cloak
rCorr   .            (no gloves)
SInv    +            (no barding)
Will    .....        d - amulet of faith
Stlth   ++           (no ring)
HPRegen 0.26/turn    (no ring)
MPRegen 0.09/turn

%: faith
@: short of breath, very slow
A: AC +1, large, see invisible, deformed body, poison resistance, slowness 2,
spit poison 1, naga tail 1
a: Spit Poison


You were on level 3 of the Dungeon.
You visited 1 branch of the dungeon, and saw 3 of its levels.

You collected 112 gold pieces.


Innate Abilities, Weirdness & Mutations

Your serpentine skin is tough. (AC +1)
You have supernaturally acute eyesight. (SInv)
Armour fits poorly on your strangely shaped body.
Your system is resistant to poisons. (rPois)
You cover ground very slowly.
You can spit poison.
You have a snake-like lower body.


   Skills:
 + Level 2.4 Fighting
 - Level 5.1 Ranged Weapons
 - Level 1.5 Dodging
 - Level 1.5 Stealth


You had 3 spell levels left.
You didn't know any spells.
Your spell library was empty.

Inventory:

Hand Weapons
 Y - a +1 shortbow (weapon)
Armour
 b - a +2 cloak (worn)
 c - a +0 leather armour (worn)
Jewellery
 d - an amulet of faith (around neck)
 e - an amulet of reflection
Scrolls
 g - a scroll of teleportation
Potions
 a - 2 potions of lignification {unknown}

Dungeon Overview and Level Annotations

Branches:
Dungeon (3/15)

Altars:

Annotations:
D:2 1 runed translucent door, Crazy Yiuf


Message History

Enter note:
Enter note:
Enter note:
Enter note:
Enter note:
1965 ||| INVOKING Spit Poison.
Aiming: Spit Poison (1% risk of failure)
Press: ? - help, Shift-Dir - straight line, f - black bear The splash of poison hits the black bear!
The black bear is poisoned.
The black bear is moderately wounded.
You shoot an arrow.
The arrow completely misses the black bear.
You shoot an arrow.
The arrow completely misses the black bear.
The black bear bites you but does no damage.
The black bear claws you. x2
You shoot an arrow. The arrow hits the black bear!
The black bear is heavily wounded.
The black bear bites you! The black bear closely misses you.
The black bear claws you.
You shoot an arrow. The arrow hits the black bear.
The black bear is severely wounded.
You have got your breath back.
The black bear goes berserk!
1970 ||| INVOKING Spit Poison.
Aiming: Spit Poison (1% risk of failure)
Press: ? - help, Shift-Dir - straight line, f/p - black bear The splash of poison hits the black bear.
The black bear looks even sicker.
The black bear is severely wounded.
The black bear barely misses you. The black bear claws you. x2
The black bear bites you. The black bear claws you.
The black bear claws you but does no damage.
You shoot an arrow.
The arrow hits the black bear but does no damage.
The black bear is severely wounded.
The black bear bites you! The black bear claws you. x2
The black bear bites you!
You die...

##........%.#.########
..........##.#
###.........#.#
#...........#.#
#.............#
#.............#
###.....#######
#............
#..@#########
........h........
..........#####
..####...... .
.#...... ..#.....).#
..##...#### ... ..#.


You could see a black bear (berserk, very poisoned).

Vanquished Creatures
  3 adders
  A worm (D:2)
  2 dart slugs (D:1)
  4 bats
  4 endoplasms
  3 giant cockroaches
  6 goblins
  3 hobgoblins (D:2)
  2 jackals (D:2)
  2 kobolds (D:1)
  4 quokkas
  3 ball pythons
  5 frilled lizards
  2 rats
44 creatures vanquished.

Notes
Turn   | Place    | Note
-------+----------+-------------------------------------------
     0 | D:1      | qw the Naga Hunter began the quest for the Orb.
     0 | D:1      | Reached XP level 1. HP: 19/19 MP: 1/1
     0 | D:1      | 0 ||| qw: Version: 0.2-a-29-g511e9b1
     0 | D:1      | 0 ||| qw: Game counter: 5621
     0 | D:1      | 0 ||| qw: Always use a shield: true
     0 | D:1      | 0 ||| qw: God list: Okawaru
     0 | D:1      | 0 ||| qw: Allow faded altars: false
     0 | D:1      | 0 ||| qw: Do Orc after D:15 true
     0 | D:1      | 0 ||| qw: Do second Lair branch before Depths: true
     0 | D:1      | 0 ||| qw: Lair rune preference: random
     0 | D:1      | 0 ||| qw: Plans: Normal
     0 | D:1      | 0 ||| PLANNING D:1-11
    46 | D:1      | 46 ||| INVOKING Spit Poison.
    50 | D:1      | 50 ||| INVOKING Spit Poison.
    74 | D:1      | 74 ||| INVOKING Spit Poison.
    83 | D:1      | 83 ||| INVOKING Spit Poison.
    88 | D:1      | 88 ||| INVOKING Spit Poison.
   142 | D:1      | 142 ||| INVOKING Spit Poison.
   187 | D:1      | 187 ||| INVOKING Spit Poison.
   188 | D:1      | Reached skill level 4 in Ranged Weapons
   188 | D:1      | Reached XP level 2. HP: 26/26 MP: 2/2
   239 | D:1      | 239 ||| INVOKING Spit Poison.
   340 | D:1      | 340 ||| FLEEEEING.
   347 | D:1      | 347 ||| INVOKING Spit Poison.
   422 | D:1      | 422 ||| INVOKING Spit Poison.
   450 | D:1      | 450 ||| INVOKING Spit Poison.
   558 | D:1      | 558 ||| INVOKING Spit Poison.
   559 | D:1      | 559 ||| FLEEEEING.
   562 | D:1      | 562 ||| INVOKING Spit Poison.
   570 | D:1      | 570 ||| INVOKING Spit Poison.
   584 | D:1      | 584 ||| INVOKING Spit Poison.
   586 | D:1      | Reached XP level 3. HP: 32/32 MP: 3/3
   945 | D:1      | 945 ||| UPGRADING to amulet of faith.
   950 | D:1      | 950 ||| READING scroll labelled FULAWNOSUEBB.
  1009 | D:1      | 1009 ||| DROPPING scroll of butterflies.
  1035 | D:2      | 1035 ||| INVOKING Spit Poison.
  1053 | D:2      | 1053 ||| INVOKING Spit Poison.
  1059 | D:2      | 1059 ||| INVOKING Spit Poison.
  1103 | D:2      | 1103 ||| INVOKING Spit Poison.
  1120 | D:2      | 1120 ||| INVOKING Spit Poison.
  1136 | D:2      | 1136 ||| INVOKING Spit Poison.
  1163 | D:2      | 1163 ||| INVOKING Spit Poison.
  1173 | D:2      | 1173 ||| INVOKING Spit Poison.
  1281 | D:2      | 1281 ||| INVOKING Spit Poison.
  1286 | D:2      | 1286 ||| INVOKING Spit Poison.
  1330 | D:2      | 1330 ||| INVOKING Spit Poison.
  1334 | D:2      | 1334 ||| INVOKING Spit Poison.
  1338 | D:2      | 1338 ||| INVOKING Spit Poison.
  1343 | D:2      | 1343 ||| INVOKING Spit Poison.
  1346 | D:2      | Reached skill level 5 in Ranged Weapons
  1346 | D:2      | Reached XP level 4. HP: 23/39 MP: 4/4
  1430 | D:2      | 1430 ||| INVOKING Spit Poison.
  1433 | D:2      | 1433 ||| INVOKING Spit Poison.
  1665 | D:2      | Found a runed translucent door.
  1666 | D:2      | Noticed Crazy Yiuf
  1735 | D:2      | 1735 ||| DROPPING scarf of shadows.
  1736 | D:2      | 1736 ||| READING scroll labelled BAORUO WEDODO.
  1737 | D:2      | 1737 ||| READING scroll labelled POEVAIKIYH.
  1738 | D:2      | 1738 ||| READING 2 scrolls labelled NIKIC TUCHA.
  1803 | D:2      | 1803 ||| READING scroll labelled YCRASU LACZOEXT.
  1804 | D:2      | 1804 ||| DRINKING 2 white potions.
  1805 | D:2      | 1805 ||| DROPPING potion of brilliance.
  1860 | D:3      | 1860 ||| INVOKING Spit Poison.
  1902 | D:3      | 1902 ||| INVOKING Spit Poison.
  1912 | D:3      | 1912 ||| INVOKING Spit Poison.
  1916 | D:3      | 1916 ||| INVOKING Spit Poison.
  1956 | D:3      | Noticed a black bear
  1957 | D:3      | 1957 ||| UPGRADING to +2 cloak.
  1965 | D:3      | 1965 ||| INVOKING Spit Poison.
  1970 | D:3      | 1970 ||| INVOKING Spit Poison.
  1971 | D:3      | HP: 7/40 [black bear (9)]
  1971 | D:3      | Slain by a black bear

Levels and vault maps discovered:
D:1:      dpeg_arrival_erosion, layout_loops_corners
D:2:      layout_basic, uniq_crazy_yiuf_cottage
D:3:      layout_rooms, serial_co_window_serial, co_window_of_opportunity_a,
          co_window_corner_a, co_window_paths_a, co_window_paths_b,
          co_window_paths_b, co_window_corner_b, co_window_2corner,
          co_window_paths_c, co_window_unsneaky_path_d, glass_columns_b,
          glass_columns_b, glass_columns_a, glass_columns_a, glass_columns_a,
          roderic_roman_lattice, uniq_sigmund

Skill      XL: |  1  2  3 |
---------------+----------+-----
Ranged Weapons | 4 5 |  5.1
Fighting       | |  2.4
Dodging        | |  1.5
Stealth        | |  1.5

Action                     |  1- 3 |  4- 6 || total
---------------------------+-------+-------++-------
   Fire: Shortbow          |    57 |    24 ||    81
Ability: Spit Poison       |    29 |     8 ||    37
    Use: Scroll            |     1 |     4 ||     5
         Potion            |       |     1 ||     1
 Armour: Leather armour    |     5 |     4 ||     9
  Dodge: Dodged            |    22 |     3 ||    25

Table legend:
 A = Non-vault XP
 B = Vault XP
 C = Vault XP percentage of total XP
 D = Non-vault monster count
 E = Vault monster count
 F = Vault count percentage of total count
                 A         B        C        D         E       F
            +---------+---------+-------+---------+---------+-------
      Total |     119 |       0 |   0.0 |      44 |       0 |   0.0
            +---------+---------+-------+---------+---------+-------
        D:1 |      37 |       0 |   0.0 |      20 |       0 |   0.0
        D:2 |      64 |       0 |   0.0 |      20 |       0 |   0.0
        D:3 |      18 |       0 |   0.0 |       4 |       0 |   0.0
            +---------+---------+-------+---------+---------+-------
